[Event "Late-Titled-Tuesday-Blitz-October-10-2023"]
[Site "Chess.com"]
[Date "2023.10.10"]
[Round "8"]
[White "BogdanDeac"]
[Black "GoltsevDmitry2000"]
[Result "1-0"]
[WhiteElo "3000"]
[BlackElo "2711"]
[TimeControl "180+1"]
[EndTime "15:23:17 PDT"]
[Termination "BogdanDeac won on time"]

1. b3 b6 2. Bb2 Bb7 3. c4 c5 4. Nf3 Nf6 5. e3 e6 6. Nc3 Nc6 7. Ne2 Ne7 8. Bxf6 gxf6 9. Nf4 Ng6 10. Nh5 d5 11. cxd5 exd5 12. Bb5+ Ke7 13. O-O a6 14. Be2 Qd7 15. d4 Rg8 16. dxc5 bxc5 17. Rc1 Rc8 18. Qd2 Qg4 19. Ng3 Qd7 20. Rfd1 Ke8 21. Qa5 Qc7 22. Qc3 Ne5 23. Qc2 h6 24. e4 Nxf3+ 25. Bxf3 d4 26. Rxd4 Bd6 27. Rc4 Bf4 28. Rd1 a5 29.
Nf5 Ba6 30. Rc3 Be5 31. g3 Bxc3 32. Qxc3 Kf8 33. Qxf6 Bb7 34. Qxh6+ Ke8 35. Nd6+ Ke7 36. Qh4+ f6 37. Qh7+ Ke6 38. Qf5+ Ke7 39. Nxb7 Qxb7 40.
Qh7+ Ke6 41. Qxb7 1-0

[Event "Late-Titled-Tuesday-Blitz-October-10-2023"]
[Site "Chess.com"]
[Date "2023.10.10"]
[Round "8"]
[White "Hirna2005"]
[Black "a-z30"]
[Result "1-0"]
[WhiteElo "2304"]
[BlackElo "2453"]
[TimeControl "180+1"]
[EndTime "15:23:17 PDT"]
[Termination "Hirna2005 won by checkmate"]

1. e4 Nf6 2. e5 Nd5 3. Nf3 d6 4. d4 Bg4 5. Be2 e6 6. c4 Nb6 7. exd6 cxd6 8. b3 Be7 9. O-O O-O 10. Nc3 d5 11. c5 Nc8 12. Bf4 Nc6 13.
Nb5 a6 14. Nc3 Bf6 15. Be3 h6 16. Na4 b5 17. cxb6 Nxb6 18. Rc1 Ne7 19. Nc5 a5 20. a4 Nf5 21. h3 Nxe3 22. fxe3 Bf5 23. Bb5 Qe7 24.
Qd2 Nc8 25. Nd7 Rd8 26. Nxf6+ Qxf6 27. Ne5 Qh4 28. Rf4 Qg5 29. g4 Bg6 30. Rc7 Nd6 31.
Bc6 Rac8 32. Qxa5 Qh4 33. Kh2 Ne4 34. Rf3 Rxc7 35. Qxc7 Rf8 36. Nxg6 fxg6 37. Rxf8+ Kxf8 38. Qc8+ Kf7 39. Qe8+ Kf6 40. Qf8+ Kg5 41. Qf4# 1-0

[Event "Late-Titled-Tuesday-Blitz-October-10-2023"]
[Site "Chess.com"]
[Date "2023.10.10"]
[Round "8"]
[White "annacramling"]
[Black "Bala-Afiada"]
[Result "0-1"]
[WhiteElo "2187"]
[BlackElo "1952"]
[TimeControl "180+1"]
[EndTime "15:23:17 PDT"]
[Termination "Bala-Afiada won by checkmate"]

1. d4 Nf6 2. c4 e6 3. Nc3 d5 4.
cxd5 exd5 5. Bg5 Be7 6. e3 O-O 7. Bd3 c6 8. Qc2 h6 9. Bh4 Bg4 10. h3 Bh5 11. g4 Bg6 12. Bxg6 fxg6 13. Qxg6 Nbd7 14. Nge2 Qe8 15. Qxe8 Raxe8 16. Nf4 g5 17. Ng6 gxh4 18. Nxf8 Nxf8 19. O-O-O Ne4 20. Nxe4 dxe4 21. d5 cxd5 22. Rxd5 Bg5 23. Rhd1 Ne6 24. Rd7 Nc5 25.
Rc7 Nd3+ 26. Rxd3 exd3 27. Rxb7 Rc8+ 28. Kd2 Rc2+ 29. Kxd3 Rxf2 30. a4 Rf3 31. Rxa7 Rxe3+ 32. Kc2 Rxh3 33. a5 Rh2+ 34. Kc3 Bf6+ 35. Kd3 Rxb2 36. Ke4 h3 37. Kf5 Bd4 38. Re7 Rf2+ 39. Kg6 Rf6+ 40. Kh5 h2 41. Re1 Bg1 42. a6 h1=Q# 0-1

[Event "Late-Titled-Tuesday-Blitz-October-10-2023"]
[Site "Chess.com"]
[Date "2023.10.10"]
[Round "8"]
[White "IngOscarArdila"]
[Black "K_alena13"]
[Result "1-0"]
[WhiteElo "2314"]
[BlackElo "2151"]
[TimeControl "180+1"]
[EndTime "15:23:18 PDT"]
[Termination "IngOscarArdila won by resignation"]

1. h3 d5 2. a3 Nf6 3. Nf3 h6 4. Ng1 Bf5 5. Nf3 e6 6. d3 c6 7.
Nbd2 Nbd7 8. g4 Bh7 9. Bg2 Bc5 10. O-O O-O 11. b4 Bd6 12. Bb2 a5 13. c3 Bb8 14.
Re1 Qc7 15. e4 dxe4 16. dxe4 Ne5 17. c4 Nd3 18. Bxf6 Nxe1 19. Qxe1 gxf6 20. Qe3 Qf4 21. Qe1 Rd8 22. b5 Bc7 23. bxc6 bxc6 24. Rb1 Rab8 25. c5 Rxb1 26. Nxb1 Bxe4 27. Nbd2 Rxd2 28. Qxd2 Qxd2 29. Nxd2 Bxg2 30. Kxg2 Be5 31. Nc4 Bc3 32. f4 Kf8 33.
Kf3 Ke7 34. Ke4 Kd7 35. Kd3 Be1 36. Ke2 Bc3 37. Kd3 Be1 38. Nd6 a4 39. Nxf7 Ke7 40. Nxh6 Bf2 41. Kc4 Be3 42. g5 Bxf4 43. gxf6+ Kxf6 44.
Ng4+ Kf5 45. Nf2 Bc1 46. Kb4 Be3 47. Nd3 Ke4 48. Nb2 Kd5 49. Nxa4 Bf2 50. Nb6+ Ke5 51. Nd7+ Kd5 52. a4 Be1+ 53. Kb3 Ba5 54. h4 e5 55. h5 Ke6 56. h6 Kf7 57. Nxe5+ Kg8 58. Nxc6 Bc7 59. Ne7+ Kh7 60. Nd5 Kxh6 61. Nxc7 1-0

[Event "Late-Titled-Tuesday-Blitz-October-10-2023"]
[Site "Chess.com"]
[Date "2023.10.10"]
[Round "8"]
[White "Rodalquilar"]
[Black "ContrVersia"]
[Result "1-0"]
[WhiteElo "2757"]
[BlackElo "2873"]
[TimeControl "180+1"]
[EndTime "15:23:19 PDT"]
[Termination "Rodalquilar won by resignation"]

1. d4 Nf6 2. Nf3 c5 3. c3 e6 4. Bf4 Be7 5. h3 O-O 6. e3 b6 7. Nbd2 cxd4 8. exd4 d6 9. a4 h6 10. Bh2 Re8 11. Bb5 Nbd7 12. O-O Bb7 13. Re1 a6 14. Bd3 Bf8 15. Nc4 Qc7 16. Ne3 Bc6 17. Qe2 Qb7 18.
Nc4 Bxf3 19. Qxf3 Qxf3 20. gxf3 d5 21. Ne5 Bd6 22. f4 g6 23. Kg2 Rec8 24. f5 Bxe5 25. dxe5 Nh5 26. fxe6 fxe6 27. Bxg6 Ng7 28. Bf4 h5 29. Bh6 Rc7 30. Re3 Nf8 31. Bd3 Rf7 32.
Rg3 Kh8 33. Bg5 Nh7 34. Bg6 Nxg5 35. Rxg5 Rf4 36. Bxh5 Raf8 37. f3 Kh7 38. Bg4 Kh6 39. h4 a5 40. Rd1 Rxa4 41. Kg3 Ra2 42. Rd2 Ra1 43. Rg2 Rf1 44. Kh2 a4 45. Bxe6 Nh5 46. Rg6+ Kh7 47. Bg8+ Rxg8 48. Rxg8 Rxf3 49. R8g5 Nf4 50.
R2g4 b5 51. Rf5 Rf2+ 52. Kg3 1-0

[Event "Late-Titled-Tuesday-Blitz-October-10-2023"]
[Site "Chess.com"]
[Date "2023.10.10"]
[Round "8"]
[White "Ramosha"]
[Black "CarlosjPineror"]
[Result "1-0"]
[WhiteElo "2628"]
[BlackElo "2495"]
[TimeControl "180+1"]
[EndTime "15:23:23 PDT"]
[Termination "Ramosha won by resignation"]

1. e4 c5 2. Nf3 e6 3. d3 Nc6 4. g3 d5 5. Nbd2 Nf6 6. Bg2 Be7 7. O-O O-O 8. Re1 b5 9. e5 Nd7 10. Nf1 a5 11. h4 b4 12. a4 Ba6 13. h5 Nd4 14. N1h2 Rc8 15. h6 g6 16. Bf4 b3 17.
c3 Nc2 18. Qd2 Nxa1 19. Rxa1 d4 20. c4 Bb7 21. Ng4 Rb8 22. Ng5 Bxg2 23. Kxg2 Rb4 24.
Ne4 f5 25. exf6 Nxf6 26. Ngxf6+ Bxf6 27. Bd6 Be7 28. Bxc5 Bxc5 29. Nxc5 Qc8 30. Ne4 Qc6 31. Qg5 Rb7 32. Qxa5 Rbf7 33. Rf1 Rf3 34. Qa7 R8f7 35. Qxd4 Rd7 36. Qe5 Rfxd3 37. Kh2 Rf7 38. Nf6+ Kf8 39.
Re1 Rf3 40. Qb8+ Ke7 41. Nd5+ Kd7 42. Nf4 Rxf2+ 43. Kg1 Rd2 44. Qa7+ Qc7 45. Qe3 Qd6 46. Nxe6 Rff2 47. Nf4 Qd4 48. Qxd4+ 1-0

[Event "Late-Titled-Tuesday-Blitz-October-10-2023"]
[Site "Chess.com"]
[Date "2023.10.10"]
[Round "8"]
[White "Firouzja2003"]
[Black "Dedic8"]
[Result "1-0"]
[WhiteElo "3074"]
[BlackElo "2884"]
[TimeControl "180+1"]
[EndTime "15:23:25 PDT"]
[Termination "Firouzja2003 won by checkmate"]

1. e4 e5 2. Nf3 Nc6 3. Bb5 a6 4. Ba4 Nf6 5. O-O b5 6. Bb3 Bc5 7. c3 d6 8. d4 Bb6 9. Be3 O-O 10. Nbd2 Rb8 11. h3 h6 12. Re1 Re8 13. a3 a5 14. Rc1 a4 15. Bc2 Na5 16. Bd3 Bd7 17. Bb1 c5 18. dxe5 dxe5 19. c4 b4 20. Qe2 Qe7 21.
Bc2 b3 22. Bb1 Nc6 23. Rf1 Nd4 24. Bxd4 cxd4 25. Ne1 Ba5 26. Ndf3 Rbc8 27. Nd3 Qd6 28. c5 Qb8 29. Ndxe5 Rxe5 30. Nxe5 Qxe5 31. f4 Qh5 32. Qd3 Rxc5 33. e5 Rxc1 34. Rxc1 Nd5 35. Qa6 Kf8 36. Qxa5 Qe2 37. Qc5+ Ke8 38. Qxd4 Ne3 39. Be4 g5 40. e6 fxe6 41. Bg6+ Ke7 42. Qg7+ Kd6 43. Qf8+ Kd5 44. Qc5# 1-0

[Event "Late-Titled-Tuesday-Blitz-October-10-2023"]
[Site "Chess.com"]
[Date "2023.10.10"]
[Round "8"]
[White "Jarming"]
[Black "NFChess13"]
[Result "0-1"]
[WhiteElo "2747"]
[BlackElo "2647"]
[TimeControl "180+1"]
[EndTime "15:23:27 PDT"]
[Termination "NFChess13 won on time"]

1. e4 e5 2. Nf3 Nf6 3. Nxe5 d5 4. exd5 Qxd5 5. d4 Nc6 6. Nc3 Bb4 7. Nf3 Bg4 8. Be2 O-O-O 9. O-O Qh5 10. Be3 Bd6 11. g3 Rhe8 12. Nb5 Bf8 13. c4 Ne5 14. Kg2 Qh3+ 15.
Kh1 Bxf3+ 16. Bxf3 Nfg4 17. Bxg4+ Nxg4 18. Nxa7+ Kd7 19. Qxg4+ Qxg4 20. Nb5 Qf3+ 21. Kg1 c6 22. Nc3 Bb4 23. Rac1 Re6 24. d5 Rg6 25. Rfd1 Kc8 26. Rd4 Bxc3 27. Rxc3 Rg4 28. Rd2 Qf5 29. Ra3 Kc7 30. Rb3 Rxc4 31. Bb6+ Kc8 32. Bxd8 Rc1+ 33. Kg2 Qe4+ 34.
Kh3 Rc5 35. Bb6 Rxd5 36. Rxd5 Qxd5 37. Be3 g5 38. Ra3 Kb8 39. Ba7+ Kc7 40. Be3 f6 41.
Ra8 h5 42. Rf8 Qf3 43. Rf7+ Kd6 44. Bb6 Qf5+ 45. Kg2 Qd5+ 0-1

[Event "Late-Titled-Tuesday-Blitz-October-10-2023"]
[Site "Chess.com"]
[Date "2023.10.10"]
[Round "8"]
[White "nitpicker"]
[Black "dorpato"]
[Result "0-1"]
[WhiteElo "2250"]
[BlackElo "2087"]
[TimeControl "180+1"]
[EndTime "15:23:29 PDT"]
[Termination "dorpato won on time"]

1. d4 Nf6 2. c4 g6 3. Nc3 d5 4. Nf3 c6 5. Qb3 Bg7 6. Bg5 O-O 7. e3 dxc4 8. Bxc4 Nbd7 9. h3 Nb6 10. Be2 Be6 11.
Qc2 h6 12. Bh4 Nbd5 13. e4 Nxc3 14. bxc3 Qa5 15. O-O Rfe8 16. c4 Rac8 17. Rab1 Qc7 18. Bg3 Qd7 19. Rfd1 a6 20. Ne5 Qd8 21. Rxb7 Nd7 22.
f4 Nxe5 23. dxe5 Qa5 24. f5 Bxe5 25. Bxe5 Qxe5 26. fxe6 Qxe6 27. c5 Red8 28. Rbb1 Rd7 29. Bxa6 Rcd8 30. Rxd7 Rxd7 31. Rb8+ Kg7 32. Qc3+ f6 33. Bd3 Qxa2 34. Rb6 Ra7 35. Kh2 Qe6 36. Bc2 Ra4 37. Bd3 Ra2 38. Rb2 Ra7 39. Rb6 Rd7 40. Rb2 Kf7 41. Re2 Kg7 42. Qc4 Qe5+ 43. Kg1 Rd4 44.
Qc2 e6 45. Re3 Ra4 0-1

[Event "Late-Titled-Tuesday-Blitz-October-10-2023"]
[Site "Chess.com"]
[Date "2023.10.10"]
[Round "8"]
[White "luizzy"]
[Black "MMSANCHEZ"]
[Result "1-0"]
[WhiteElo "2564"]
[BlackElo "2734"]
[TimeControl "180+1"]
[EndTime "15:23:36 PDT"]
[Termination "luizzy won by checkmate"]

1. b3 e5 2. Bb2 Nc6 3. e3 Nf6 4.
Bb5 Bd6 5. Na3 Be7 6. Nc4 e4 7.
Bxc6 bxc6 8. h3 O-O 9. Ne2 Ba6 10.
Ng3 Re8 11. h4 d5 12. Ne5 Bd6 13. Nxc6 Qd7 14. Nd4 Bxg3 15. fxg3 c5 16. Ne2 Nh5 17. Nf4 Nxg3 18. Rh3 Nf5 19. Qg4 d4 20. Nh5 Qe6 21.
exd4 cxd4 22. O-O-O Rac8 23. Kb1 Qg6 24. Qxg6 hxg6 25.
Nf4 e3 26. dxe3 dxe3 27. Re1 e2 28. g4 Ne3 29. c4 Nxc4 30. bxc4 Rxc4 31. Rxe2 Rxe2 32.
Nxe2 Rxg4 33. Nc3 f5 34. Nd5 Bd3+ 35. Kc1 Be4 36. Ne3 Rg1+ 37. Kd2 Rb1 38. Bd4 f4 39.
Nc4 Rg1 40. Bxg1 Bd5 41. Kd3 Kf7 42. Bxa7 Ke6 43. Bd4 Kf5 44. a4 Kg4 45. Rh2 Kg3 46.
Rd2 f3 47. Be5+ Kh3 48. Ne3 Be6 49. Rh2# 1-0

[Event "Late-Titled-Tuesday-Blitz-October-10-2023"]
[Site "Chess.com"]
[Date "2023.10.10"]
[Round "8"]
[White "MaxLeto"]
[Black "micke12a"]
[Result "0-1"]
[WhiteElo "2480"]
[BlackElo "2371"]
[TimeControl "180+1"]
[EndTime "15:23:37 PDT"]
[Termination "micke12a won by checkmate"]

1. e4 c5 2. Nf3 d6 3. d4 cxd4 4. Nxd4 Nf6 5. Nc3 g6 6. Be2 Bg7 7. Be3 O-O 8. Qd2 Nc6 9. O-O-O Ng4 10. Bxg4 Bxg4 11. f3 Be6 12. g4 Rc8 13. Kb1 Ne5 14. Bh6 Nc4 15. Qc1 Qb6 16. Bxg7 Kxg7 17. Nb3 Na3+ 18. Ka1 Nb5 19. Nd5 Bxd5 20. Rxd5 a5 21. a4 Nc7 22. Rxa5 Ra8 23. Qd2 Ne6 24. Kb1 Rxa5 25. Nxa5 Ra8 26. Nc4 Qc5 27. Qc3+ f6 28.
a5 Nf4 29. b3 Ne2 30. Qd3 Nd4 31. h4 Nb5 32. Kb2 Rxa5 33. Nxa5 Qa3+ 34. Kb1 Qxa5 35. c4 Nc7 36. h5 g5 37. h6+ Kf7 38. Kb2 Ne6 39.
Qd5 Qb6 40. Rd1 Qf2+ 41. Rd2 Qxf3 42. b4 Qxg4 43. Qf5 Qg3 44. Rd5 Qg2+ 45. Kb3 Qg3+ 46.
Ka4 Qe1 47. Kb5 Qa1 48. Kb6 Qa6# 0-1

[Event "Late-Titled-Tuesday-Blitz-October-10-2023"]
[Site "Chess.com"]
[Date "2023.10.10"]
[Round "8"]
[White "Beca95"]
[Black "Elsa167"]
[Result "1/2-1/2"]
[WhiteElo "2863"]
[BlackElo "2932"]
[TimeControl "180+1"]
[EndTime "15:23:38 PDT"]
[Termination "Game drawn by repetition"]

1. e4 e6 2. d4 d5 3. Nc3 Bb4 4. e5 c5 5. Bd2 Ne7 6. a3 Bxc3 7. Bxc3 b6 8. h4 Ba6 9. Bxa6 Nxa6 10. h5 h6 11. Nf3 Nb8 12. b4 cxd4 13. Bxd4 Nbc6 14. c3 Rc8 15. Rc1 Nf5 16. O-O O-O 17. g3 Qd7 18. Kg2 Rc7 19. Qd2 Ncxd4 20. cxd4 Rfc8 21. g4 Ne7 22. Rxc7 Qxc7 23. b5 Qc3 24. Qxc3 Rxc3 25. a4 Kf8 26. Ra1 Ke8 27. a5 bxa5 28. Rxa5 Rc7 29. Nd2 Nc8 30. Nb3 Rc4 31.
Ra6 Rb4 32. Nc5 Rxb5 33. Rc6 Kd8 34. f4 Rb6 35. Rxb6 Nxb6 36. f5 Ke7 37. Na6 f6 38.
Kf3 Nc4 39. Kf4 fxe5+ 40. dxe5 d4 41. Nc5 exf5 42. gxf5 a5 43. Ke4 a4 44. Nxa4 d3 45.
Nc3 d2 46. Nd1 Nb6 47. Kd4 Nd7 48. Ne3 Ke8 49. Nd1 Ke7 50. Nc3 Ke8 51. Nd1 Ke7 1/2-1/2

[Event "Late-Titled-Tuesday-Blitz-October-10-2023"]
[Site "Chess.com"]
[Date "2023.10.10"]
[Round "8"]
[White "Grandmaster1369"]
[Black "Zhigalko_Sergei"]
[Result "0-1"]
[WhiteElo "2762"]
[BlackElo "2903"]
[TimeControl "180+1"]
[EndTime "15:23:39 PDT"]
[Termination "Zhigalko_Sergei won by resignation"]

1. e4 c5 2. Nc3 Nc6 3. f4 g6 4.
Nf3 Bg7 5. Bb5 Nd4 6. O-O a6 7. Bc4 e6 8. d3 Ne7 9. Nxd4 cxd4 10. Ne2 d5 11. Bb3 dxe4 12. dxe4 O-O 13. e5 Nf5 14. c3 dxc3 15. Nxc3 Bd7 16. Qf3 Bc6 17. Qf2 Rc8 18.
Rd1 Qe7 19. Bd2 f6 20. g4 fxe5 21. gxf5 Rxf5 22. Re1 Rcf8 23. Bc2 exf4 24. Be4 Rd8 25. Kh1 Bd4 26. Qf3 Qh4 27. Bxc6 bxc6 28. Re2 e5 29.
Ne4 c5 30. Be1 Qe7 31. Rc1 Qe6 32. b3 Qd5 33. Bh4 Rd7 34. Nf6+ Rxf6 35. Qxd5+ Rxd5 36. Bxf6 f3 37. Re4 Kf7 38. Bg5 Ke6 39. Be3 Kf5 40.
Bxd4 cxd4 41. Ree1 d3 42. Rcd1 Kf4 43. Kg1 d2 44.
Rf1 e4 45. Rf2 e3 46. Kf1 Ke4 47. h4 exf2 48. Kxf2 Kd3 0-1

[Event "Late-Titled-Tuesday-Blitz-October-10-2023"]
[Site "Chess.com"]
[Date "2023.10.10"]
[Round "8"]
[White "Kostukov_Alex"]
[Black "DIMONBANAN"]
[Result "1-0"]
[WhiteElo "2391"]
[BlackElo "2497"]
[TimeControl "180+1"]
[EndTime "15:23:39 PDT"]
[Termination "Kostukov_Alex won by resignation"]

1. g3 d5 2. Bg2 Nf6 3. d3 c6 4. e4 Bg4 5. f3 Bh5 6. e5 Nfd7 7. Qe2 e6 8. Nh3 c5 9. Nf4 Bg6 10. h4 Nc6 11. h5 Bf5 12. g4 Nd4 13. Qf2 Bxg4 14.
fxg4 Nxe5 15. c3 Nxg4 16. Qg3 Nc2+ 17. Kd1 Nxa1 18. Qxg4 Qa5 19. Nxe6 fxe6 20. Qxe6+ Be7 21. Re1 Qa4+ 22. b3 Qd7 23. Bg5 Qxe6 24. Rxe6 O-O 25.
Rxe7 d4 26. h6 gxh6 27. Bxh6 Rf5 28. cxd4 cxd4 29. Bxb7 Rd8 30. Nd2 Rf6 31. Bg7 Rg6 32.
Be5 Rg1+ 33. Ke2 Nc2 34. Ne4 Ne3 35. Nf6+ Kf8 36. Rxh7 Rg7 37. Rh8+ Ke7 38. Rxd8 Kxd8 39. Be4 Re7 40. Bxd4 Nc2 41. Bc3 Rc7 42. Ba5 Kc8 43. Bxc7 Kxc7 44. Kd2 Nb4 45. Nd5+ Nxd5 46. Bxd5 Kd6 47.
Bc4 Kc5 48. a4 a5 49. Ke3 Kb4 50. Kd4 Ka3 51. Kc5 Kb2 52. Kb5 Kc3 53. Kxa5 Kd4 54. Kb6 Kc3 55. a5 Kb4 56. a6 Ka3 57. a7 Kb2 58. a8=Q 1-0

[Event "Late-Titled-Tuesday-Blitz-October-10-2023"]
[Site "Chess.com"]
[Date "2023.10.10"]
[Round "8"]
[White "UK_23"]
[Black "Alphafischer2019"]
[Result "1-0"]
[WhiteElo "2408"]
[BlackElo "2570"]
[TimeControl "180+1"]
[EndTime "15:23:40 PDT"]
[Termination "UK_23 won by resignation"]

1. e4 c5 2. Nf3 Nc6 3. Bb5 Nf6 4.
Bxc6 dxc6 5. d3 Bg4 6. Nbd2 Nd7 7. h3 Bh5 8. b3 e5 9. Bb2 f6 10. Qe2 Be7 11. g4 Bf7 12. h4 h6 13. h5 Nf8 14.
Nh4 Ne6 15. Nf5 Rg8 16. O-O-O Qd7 17. Kb1 O-O-O 18. Nf3 Kb8 19. Qd2 Ka8 20. Qa5 b6 21. Qa6 Nf4 22. Bxe5 fxe5 23. Nxe5 Qe6 24. Nxe7 Qxe7 25.
Nxc6 Qc7 26. Nxd8 Rxd8 27. Rhe1 Be6 28. f3 Rd4 29. c3 Bc8 30. Qa3 Rxd3 31. Rxd3 Nxd3 32.
Rd1 Nf4 33. Qa4 Qe7 34. Qc6+ Bb7 35. Qd7 Qxd7 36. Rxd7 Ne6 37. Re7 Bc8 38. Kc2 Kb8 39. Kd3 a6 40. Ke3 b5 41. f4 Nf8 42. Rxg7 b4 43.
cxb4 cxb4 44. e5 Nd7 45. e6 Nf6 46. e7 Bd7 47. g5 hxg5 48. fxg5 Ne8 49. h6 Kc7 50. h7 Nxg7 51. h8=Q Nf5+ 52. Kf4 Nxe7 53. Qe5+ Kd8 54. Qa5+ Ke8 55. Qxa6 Nd5+ 56. Ke5 Ne7 57. g6 Nc6+ 58. Kf6 Ne7 59. Qa8+ Bc8 60. g7 Kd7 61. Kf7 Kd6 62. Qb8+ Kd7 63. Qa7+ Kd6 64. Qxe7+ 1-0

[Event "Late-Titled-Tuesday-Blitz-October-10-2023"]
[Site "Chess.com"]
[Date "2023.10.10"]
[Round "8"]
[White "The_Straightforward_Rook"]
[Black "YouShallNotPass001"]
[Result "1-0"]
[WhiteElo "2551"]
[BlackElo "2419"]
[TimeControl "180+1"]
[EndTime "15:23:40 PDT"]
[Termination "The_Straightforward_Rook won by checkmate"]

1. d4 Nf6 2. c4 e6 3. Nf3 c5 4. d5 exd5 5. cxd5 d6 6. Nc3 g6 7.
Bf4 Bg7 8. Qa4+ Bd7 9. Qb3 b5 10.
Bxd6 Qb6 11. Bf4 O-O 12. e3 c4 13. Qd1 Bg4 14. Be2 Nbd7 15. O-O Nh5 16. Bg5 h6 17. Bh4 Rfe8 18. h3 Bxf3 19. Bxf3 Nhf6 20. Bg3 Rad8 21.
a3 Nc5 22. Qc2 Nfd7 23. Rad1 Ne5 24. Bxe5 Bxe5 25. g3 h5 26. Bg2 h4 27. g4 Nd3 28.
Rxd3 cxd3 29. Qxd3 b4 30. axb4 Qxb4 31. Ne4 Qxb2 32.
Ng5 a5 33. Be4 Rd6 34. Rb1 Qc3 35. Rb7 Rf8 36. Qxc3 Bxc3 37. f4 Ra6 38. Bd3 Raa8 39. Bc4 a4 40. d6 a3 41. Nxf7 Bg7 42. Ng5+ Kh8 43. Ba2 Rfd8 44. Nf7+ Kh7 45. Nxd8 Rxd8 46. d7 Bb2 47. Kf2 Kg7 48. Kf3 Kf6 49. e4 Ke7 50.
e5 Rxd7 51. Rxd7+ Kxd7 52. Ke4 Ke7 53. f5 gxf5+ 54. gxf5 Kf8 55. f6 Bc3 56. Kf5 Bb4 57. e6 Ke8 58. Kg6 Kf8 59. Kg5 Be1 60. e7+ Ke8 61. Bb3 Bc3 62. Ba4+ Kf7 63. e8=Q# 1-0

[Event "Late-Titled-Tuesday-Blitz-October-10-2023"]
[Site "Chess.com"]
[Date "2023.10.10"]
[Round "8"]
[White "AlleyOoper"]
[Black "vladoboch"]
[Result "1-0"]
[WhiteElo "2597"]
[BlackElo "2472"]
[TimeControl "180+1"]
[EndTime "15:23:44 PDT"]
[Termination "AlleyOoper won on time"]

1. c4 e5 2. Nc3 Bb4 3. Nf3 Nc6 4.
Qc2 Nf6 5. e3 O-O 6. Nd5 Bc5 7.
a3 d6 8. b4 Bb6 9. Bd3 h6 10.
Nxf6+ Qxf6 11. Bb2 a5 12. b5 Ne7 13. a4 Bg4 14.
Be4 c6 15. h3 Bh5 16. g4 Bg6 17. Ke2 d5 18. Bxe5 dxe4 19. Bxf6 exf3+ 20. Kxf3 Bxc2 21. Bxe7 Rfe8 22. Ba3 Be4+ 23. Ke2 Bxh1 24. Rxh1 cxb5 25. axb5 Rac8 26. d3 Bc5 27. Bb2 a4 28. d4 Bb4 29.
Kd3 a3 30. Ba1 b6 31. Rb1 Bd6 32. Rb3 Ra8 33. f4 a2 34. f5 Ra3 35. Rxa3 Bxa3 36.
e4 Ra8 37. e5 Bb4 38. Ke4 Ra3 39. c5 Bc3 40. cxb6 Bxa1 41. b7 Re3+ 42. Kxe3 Bxd4+ 43. Ke4 a1=Q 44. b8=Q+ Kh7 45. Qd6 Bf2 46. Kd5 Qa2+ 47.
Kc6 Qa8+ 48. Kd7 Qb7+ 49. Ke8 Qxb5+ 50. Kxf7 Bc5 51. Qg6+ 1-0

[Event "Late-Titled-Tuesday-Blitz-October-10-2023"]
[Site "Chess.com"]
[Date "2023.10.10"]
[Round "8"]
[White "shimastream"]
[Black "Bauman_Guy"]
[Result "1-0"]
[WhiteElo "3003"]
[BlackElo "2856"]
[TimeControl "180+1"]
[EndTime "15:23:48 PDT"]
[Termination "shimastream won on time"]

1. d3 Nf6 2. c3 a5 3. e4 d5 4. e5 Nfd7 5. f4 e6 6. Nf3 c5 7. a4 b6 8. Na3 Ba6 9. Be2 Nc6 10. O-O g6 11. Be3 Ne7 12. Bf2 h5 13.
Bh4 Qc7 14. Qd2 Nf5 15. Bg5 Bg7 16. Rae1 Kf8 17. Bd1 Kg8 18. Bc2 d4 19. Rf2 Bf8 20. Nb5 Bxb5 21. axb5 dxc3 22. bxc3 Be7 23. d4 Nf8 24.
Bxf5 gxf5 25. d5 Bxg5 26. Nxg5 Rd8 27. d6 Qb7 28. c4 Ng6 29. Rf3 h4 30. Qf2 Kg7 31.
Kf1 Rh5 32. Nh3 Ra8 33. Ra3 Rhh8 34. Re2 Ra7 35. Ke1 a4 36. Kf1 Rha8 37. Ng5 Rh8 38. Rea2 Rha8 39. Kg1 Kg8 40. Rd3 Kg7 41. Qe3 a3 42. g3 Ra4 43. Rc3 Rb4 44. Qf3 Qxf3 45. Nxf3 h3 46. Rcxa3 Rxa3 47. Rxa3 Rxc4 48. Kf2 Nf8 49. Ra7 Kg6 50. d7 1-0

[Event "Late-Titled-Tuesday-Blitz-October-10-2023"]
[Site "Chess.com"]
[Date "2023.10.10"]
[Round "8"]
[White "SpeedofLight0"]
[Black "greekplayer1"]
[Result "0-1"]
[WhiteElo "2988"]
[BlackElo "2704"]
[TimeControl "180+1"]
[EndTime "15:23:48 PDT"]
[Termination "greekplayer1 won by checkmate"]

1. Nf3 d5 2. b3 c5 3. Bb2 Nc6 4. e3 Nf6 5. Bb5 g6 6. Ne5 Qc7 7. d3 Bg7 8. Bxc6+ bxc6 9. O-O Ng4 10. d4 Nxe5 11. dxe5 Bxe5 12. Qc1 Bxh2+ 13. Kh1 Be5 14.
Nd2 O-O 15. Nf3 Bxb2 16. Qxb2 f6 17. c4 Bg4 18. Nh2 Be6 19. Rac1 Rac8 20. Qa3 Qb6 21.
Rfd1 Rfd8 22. Rd2 dxc4 23. Rxd8+ Rxd8 24. bxc4 Rd2 25. Kg1 Qb2 26. Qxb2 Rxb2 27. Nf1 Rxa2 28. Ng3 Ra4 29. Rb1 Rb4 30. Ra1 Rxc4 31. Rxa7 Kf7 32. e4 h5 33. f3 Rc2 34. Rc7 h4 35. Nf1 h3 36. gxh3 Bxh3 37. Ne3 Re2 38. Nc4 Rg2+ 39. Kh1 Rc2 40. Na5 Bg2+ 41. Kg1 Bxf3 42. Nxc6 Ke6 43.
Rxe7+ Kd6 44. Rf7 Bxe4 45. Rxf6+ Kd5 46. Kf1 Rh2 47. Ke1 c4 48. Na5 c3 49. Rf8 Rh1+ 50.
Ke2 c2 51. Rd8+ Ke6 52. Re8+ Kf5 53. Rf8+ Kg5 54. Nb3 Bd5 55. Nc1 Rxc1 56. Kd2 Rg1 57. Kxc2 Be4+ 58. Kd2 Bf5 59. Ke3 Rg3+ 60. Kf2 Kf4 61.
Rb8 Rc3 62. Rb4+ Be4 63. Rb6 Rc2+ 64. Ke1 g5 65. Kd1 Rh2 66. Rf6+ Ke3 67. Kc1 g4 68. Rf1 Rc2+ 69. Kd1 Rb2 70. Re1+ Kd3 71. Re2 Rb1# 0-1

[Event "Late-Titled-Tuesday-Blitz-October-10-2023"]
[Site "Chess.com"]
[Date "2023.10.10"]
[Round "8"]
[White "Zampronha1971"]
[Black "Smiechu"]
[Result "1/2-1/2"]
[WhiteElo "2318"]
[BlackElo "2510"]
[TimeControl "180+1"]
[EndTime "15:23:48 PDT"]
[Termination "Game drawn by repetition"]

1. e4 c5 2. Nf3 g6 3. d4 cxd4 4. Nxd4 Nc6 5. Nc3 Bg7 6. Be3 Nf6 7. Bc4 O-O 8. Bb3 d6 9. f3 Bd7 10. Qd2 Rc8 11. O-O-O Nxd4 12. Bxd4 b5 13. Kb1 a5 14. a3 b4 15. axb4 axb4 16. Nd5 Nxd5 17. Bxg7 Kxg7 18. exd5 Qa5 19. Qd4+ Kg8 20. Kc1 Bf5 21. Kd2 Bxc2 22.
Bxc2 b3+ 23. Ke2 Rxc2+ 24. Rd2 Rfc8 25. Rd1 R8c4 26. Qd3 Qc5 27. Qxb3 Rxd2+ 28. Rxd2 Rc1 29. Rd1 Rc4 30. Qd3 Qb4 31. Rd2 Rc1 32. Kf2 Qh4+ 33.
Ke2 Qxh2 34. Ke3 Re1+ 35. Kd4 Qe5+ 36. Kc4 Rc1+ 37. Kb3 Qf4 38. Re2 Rc7 39. Ka2 Qc1 40. Qd2 Ra7+ 41. Kb3 Qc5 42. Re4 Rb7+ 43. Ka2 Ra7+ 44. Kb1 Qg1+ 45. Kc2 Rc7+ 46. Kb3 Qc5 47.
Rb4 Rc8 48. Qd4 Qc2+ 49. Ka3 Ra8+ 50. Ra4 Rb8 51. Rb4 Ra8+ 52. Ra4 Rc8 53. Ka2 Qc7 54. Ka3 Rb8 55. Ka2 Qb7 56. Ra3 Qb5 57. Qd2 Rc8 58. Qd4 Rb8 59. Qd2 Qc5 60. Qd3 Qb5 61. Qd2 1/2-1/2

[Event "Late-Titled-Tuesday-Blitz-October-10-2023"]
[Site "Chess.com"]
[Date "2023.10.10"]
[Round "8"]
[White "Dr_crypt"]
[Black "DonBroca"]
[Result "1/2-1/2"]
[WhiteElo "2394"]
[BlackElo "2242"]
[TimeControl "180+1"]
[EndTime "15:23:49 PDT"]
[Termination "Game drawn by repetition"]

1. d4 Nf6 2. Nf3 d6 3. c4 g6 4.
Nc3 Bg7 5. e4 O-O 6. Be2 e5 7. Be3 Nbd7 8. O-O Ng4 9. Bg5 f6 10.
Bc1 c6 11. d5 c5 12. Ne1 Nh6 13. Nd3 f5 14. exf5 Nxf5 15. Ne4 Nf6 16. Bg5 h6 17. Bxf6 Bxf6 18. Bg4 Nd4 19. Bxc8 Rxc8 20. Qg4 Kg7 21. Rae1 h5 22. Qd1 Bg5 23. Kh1 Rc7 24. f3 Rcf7 25.
Nc1 a6 26. Nb3 b6 27. Nxd4 exd4 28. Re2 Be3 29. Qd3 Qe7 30. a3 Qe5 31. b4 Rb8 32.
Rb2 Rfb7 33. Rfb1 Qe7 34. g3 Rf8 35. Kg2 Rd7 36. bxc5 bxc5 37. Rb8 Qe5 38. Rxf8 Kxf8 39. Rb8+ Kg7 40. h4 Rf7 41. Ng5 Bxg5 42. hxg5 Qxg5 43. Rb6 Qe5 44. Qe4 Qxe4 45. fxe4 d3 46. Rb3 Re7 47. Kf3 Kf6 48. Rxd3 Ke5 49. Rb3 Rf7+ 50. Ke2 Kd4 51. Rb6 Rf6 52. Rxa6 Kxe4 53. a4 Kd4 54. a5 Kxc4 55. Rb6 Kxd5 56. a6 Rf8 57. a7 Ra8 58. Ra6 c4 59. Kd2 Kd4 60. Rxd6+ Kc5 61. Ra6 Kb4 62.
Kc2 g5 63. Rb6+ Kc5 64. Rg6 Rxa7 65. Rxg5+ Kd4 66. Rxh5 Ra2+ 67. Kb1 Rg2 68. g4 c3 69.
Kc1 Kd3 70. Rh3+ Kc4 71. Rh8 Rxg4 72. Rc8+ Kd3 73. Rd8+ Kc4 74. Rc8+ Kb3 75. Rb8+ Kc4 76. Rc8+ 1/2-1/2